 Dungeon Crawl Stone Soup version 0.20.0 (webtiles) character file.

463 SpeedrunTech the Chopper (level 6, 0/57 HPs)
             Began as a Minotaur Berserker on June 11, 2017.
             Was a Follower of Trog.
             Killed from afar by abeheron's ghost (14 damage)
             ... with a spray of energy
             ... on level 7 of the Dungeon.
             The game lasted 00:01:15 (2520 turns).

SpeedrunTech the Chopper (Minotaur Berserker)       Turns: 2520, Time: 00:01:16

Health: 0/57       AC:  8    Str: 27    XL:     6   Next: 79%
Magic:  5/5        EV:  8    Int: 11    God:    Trog [*.....]
Gold:   158        SH:  0    Dex:  9    Spells: 5/5 levels left

rFire    . . .     SeeInvis .   s - +0 war axe
rCold    . . .     Gourm    .   (no shield)
rNeg     . . .     Faith    .   b - -1 chain mail (curse)
rPois    .         Spirit   .   (helmet restricted)
rElec    .         Reflect  .   (no cloak)
rCorr    .         Harm     .   (no gloves)
MR       .....                  q - +0 pair of boots
Stlth    ..........             (no amulet)
Regen    0.2/turn               (no ring)
MPRegen  0.1/turn               (no ring)

@: mighty, brilliant, berserk cooldown, slowed, glowing, heavily drained, very
slow
A: retaliatory headbutt, horns 2
a: Berserk, Burn Spellbooks, Renounce Religion


You were on level 7 of the Dungeon.
You worshipped Trog.
Trog was aware of your devotion.
You were not hungry.

You visited 1 branch of the dungeon, and saw 7 of its levels.

You collected 158 gold pieces.

Inventory:

Hand Weapons
 a - a +0 hand axe
 s - a +0 war axe (weapon)
Armour
 b - a cursed -1 chain mail (worn)
 q - a +0 pair of boots (worn)
Scrolls
 d - a scroll of teleportation {unknown}
 g - 3 scrolls of enchant armour {unknown}
 i - 4 scrolls of identify {unknown}
 k - a scroll of fog {unknown}
 m - a scroll of enchant weapon {unknown}
 n - 4 scrolls of recharging {unknown}
 r - a scroll of remove curse {unknown}
Potions
 e - a potion of ambrosia {unknown}
 h - a potion of lignification {unknown}
 j - a potion of berserk rage {unknown}
 l - a potion of curing {unknown}
 p - a potion of brilliance
 t - 2 potions of flight {unknown}
Comestibles
 f - a meat ration
 o - 3 fruits
 u - a royal jelly


   Skills:
 + Level 6.1(4.6) Fighting
 * Level 7.9(6.3) Axes
 - Level 2.4(1.0) Armour
 - Level 2.1(0.8) Dodging


You had 5 spell levels left.
You didn't know any spells.

Dungeon Overview and Level Annotations

Branches:
Dungeon (7/15)             Temple (0/1) D:7

Altars:
Xom

Annotations:
D:7 abeheron's ghost, novice SpEn


Innate Abilities, Weirdness & Mutations

You reflexively headbutt those who attack you in melee.
You have a pair of horns on your head.


Message History

* * * LOW HITPOINT WARNING * * *
Unknown command.
Abeheron's ghost hits you.
* * * LOW HITPOINT WARNING * * *
You feel drained.
Abeheron's ghost hits you but does no damage.
You feel drained.
Unknown command.
It was a potion of might.
You feel very mighty all of a sudden.
You feel less confused.
Abeheron's ghost hits you but does no damage.
You feel drained.
Unknown command.
It was a potion of brilliance.
You feel clever all of a sudden.
Abeheron's ghost hits you but does no damage.
You feel drained. Abeheron's ghost casts a spell at you.
The spray of energy hits you!
You die...

..........# #......#
#...÷..# ####......#
...........#####
###+###........#. ##
#.....#........+.#. .#
#.⌠.⌠.#W.......#.... ..
+..>..'.@......#.... ##..
#.⌠.⌠.#........#...###...
#.....#..##+####....##...
###+###..##.#....#......#
###..##.#.##.##....##
#....#...............
#.#.....#........####
#.#####.#....###.#
#.......+....# #.#


You could see abeheron's ghost.

Vanquished Creatures
  A phantom (D:4)
  An ice beast (D:7)
  A crocodile (D:7)
  A bullfrog (D:6)
  A jelly (D:2)
  2 worker ants
  The ghost of SpeedrunTech the Chopper, a weakling MiBe of Trog (D:4)
  A hound skeleton (D:5)
  An adder (D:3)
  2 dart slugs (D:1)
  A ball python (D:2)
  3 bats
  2 giant cockroaches (D:2)
  A hobgoblin (D:3)
  An iguana (D:2)
  3 jackals (D:2)
  A kobold (D:2)
  2 quokkas
  3 frilled lizards
  A quokka skeleton (D:7)
  A rat (D:2)
31 creatures vanquished.

Notes
Turn   | Place    | Note
-------+----------+-------------------------------------------
     0 | D:1      | SpeedrunTech the Minotaur Berserker began the quest for the Orb.
     0 | D:1      | Reached XP level 1. HP: 19/19 MP: 0/0
   221 | D:1      | Reached skill level 4 in Axes
   407 | D:1      | Reached XP level 2. HP: 27/27 MP: 1/1
   583 | D:2      | Found a shimmering altar of Xom.
   590 | D:2      | Reached XP level 3. HP: 14/34 MP: 2/2
  1055 | D:3      | Reached skill level 5 in Axes
  1317 | D:4      | Noticed a phantom
  1331 | D:4      | Killed a phantom
  1331 | D:4      | Reached skill level 5 in Fighting
  1331 | D:4      | Reached skill level 6 in Axes
  1331 | D:4      | Reached XP level 4. HP: 25/42 MP: 3/3
  1331 | D:4      | Reached XP level 5. HP: 28/48 MP: 4/4
  1351 | D:4      | Noticed SpeedrunTech's ghost (weakling MiBe)
  1593 | D:4      | Killed SpeedrunTech's ghost
  1902 | D:4      | You fall through a shaft for 3 floors!
  2105 | D:5      | Entered Level 5 of the Dungeon
  2266 | D:6      | Reached skill level 7 in Axes
  2266 | D:6      | Reached XP level 6. HP: 46/56 MP: 5/5
  2367 | D:7      | Noticed an ice beast
  2374 | D:7      | Killed an ice beast
  2476 | D:7      | Found a staircase to the Ecumenical Temple.
  2511 | D:7      | Noticed abeheron's ghost (novice SpEn)
  2520 | D:7      | Killed from afar by abeheron's ghost

Skill      XL: |  1  2  3  4  5  6 |
---------------+-------------------+-----
Axes           | 4 6 7 |  7.9
Fighting       | 4 5 6 |  6.1
Armour         | |  2.4
Dodging        | |  2.1

Action                   |  1- 3 |  4- 6 || total
-------------------------+-------+-------++-------
Melee: Hand axe          |    62 |    14 ||    76
       Headbutt          |     7 |     9 ||    16
       War axe           |       |    27 ||    27
Invok: Berserk           |     2 |     3 ||     5
  Use: Potion            |       |     2 ||     2
 Stab: Distracted        |     1 |       ||     1
       Sleeping          |     1 |       ||     1
  Eat: Chunk             |     2 |     3 ||     5
       Bread ration      |       |     1 ||     1
Armor: Animal skin       |     6 |     5 ||    11
       Chain mail        |       |     7 ||     7
Dodge: Dodged            |    40 |    24 ||    64
